 Dungeon Crawl Stone Soup version 0.30-a0-916-g9813417 (webtiles) character file.

Game seed: 8805344638615954782

81 Dorkslayer the Covered (level 4, -4/29 HPs)
             Began as a Gargoyle Fighter on Mar 26, 2023.
             Slain by a black bear (7 damage)
             ... on level 4 of the Dungeon.
             The game lasted 00:05:20 (1914 turns).

Dorkslayer the Covered (Gargoyle Fighter)           Turns: 1914, Time: 00:05:21

Health: -4/29      AC: 14    Str: 21    XL:     4   Next: 42%
Magic:  13/13      EV:  9    Int:  9    God:
Gold:   119        SH:  4    Dex:  9    Spells: 3/3 levels left

rFire   . . .      SeeInvis .    a - +0 war axe
rCold   . . .      Faith    .    c - +0 buckler
rNeg    + . .      Spirit   .    b - +0 scale mail
rPois   ∞          Reflect  .    (no helmet)
rElec   +          Rampage  .    (no cloak)
rCorr   .                        (no gloves)
Will    .....                    (no boots) Stlth
                                 (no amulet)
HPRegen 0.24/turn                f - +4 ring of protection
MPRegen 0.13/turn                j - ring of magical power

@: no status effects
A: sickness immunity, AC +3, negative energy resistance 1, electricity
resistance, torment resistance 1, petrification resistance
a: no special abilities


You were on level 4 of the Dungeon.
You visited 1 branch of the dungeon, and saw 4 of its levels.

You collected 119 gold pieces.

Inventory:

Hand Weapons
 a - a +0 war axe (weapon)
Armour
 b - a +0 scale mail (worn)
 c - a +0 buckler (worn)
Jewellery
 f - a +4 ring of protection (left hand)
 j - a ring of magical power (right hand)
Scrolls
 g - a scroll of noise {unknown}
 h - a scroll of blinking {unknown}
 k - 5 scrolls of identify {unknown}
 l - a scroll of fear {unknown}
 m - a scroll of vulnerability {unknown}
 o - 2 scrolls of enchant armour {unknown}
 q - a scroll of teleportation {unknown}
 s - a scroll of fog {unknown}
 t - a scroll of enchant weapon {unknown}
Potions
 d - a potion of might
 e - 2 potions of brilliance {unknown}
 i - a potion of haste {unknown}
 n - a potion of magic {unknown}
 p - a potion of curing {unknown}
 r - a potion of lignification {unknown}
 u - a potion of mutation {unknown}


   Skills:
 + Level 3.7 Fighting
 + Level 2.3 Axes
 + Level 3.7 Armour
 * Level 1.7 Dodging
 + Level 3.7 Shields


You had 3 spell levels left.
You didn't know any spells.
Your spell library was empty.

Dungeon Overview and Level Annotations

Branches:
Dungeon (4/15)
 Temple: D:4-7

Altars:

Annotations:
D:3 1 runed translucent door, ERRORd11's ghost, amateur DrTm


Innate Abilities, Weirdness & Mutations

You are immune to sickness and miasma.
Your stone body is resilient. (AC +3)
You are immune to poison.
You resist negative energy. (rN+)
You are resistant to electric shocks. (rElec)
You are resistant to unholy torment.
You are immune to petrification.


Message History

The orc wizard gestures wildly while chanting.
The orc wizard flickers and vanishes!
Deactivating autopickup; reactivate with Ctrl-A.
The orc wizard hits you but does no damage.
The black bear goes berserk!
The adder bites you but does no damage. The adder attacks as you move away!
The adder bites you but does no damage.
The black bear attacks as you move away!
The black bear bites you but does no damage.
The black bear claws you but does no damage. x2
The orc wizard casts a spell at you.
The magic dart hits you but does no damage.
The black bear bites you but does no damage.
The black bear claws you but does no damage.
The black bear claws you.
You barely miss the orc wizard.
The orc wizard is moderately wounded.
You barely miss the adder.
You hit the black bear but do no damage.
The black bear closely misses you. The black bear barely misses you.
The black bear closely misses you. The adder bites you.
The black bear bites you but does no damage.
The black bear claws you. The black bear closely misses you.
The adder closely misses you.
The orc wizard points at you and mumbles some strange words.
You resist with some effort. Something hits you but does no damage.
The orc wizard attacks as you move away!
The orc wizard hits you but does no damage.
You feel less confused.
The black bear bites you but does no damage.
The black bear claws you but does no damage.
The black bear claws you.
You hit the black bear but do no damage.
The black bear is severely wounded.
You closely miss the orc wizard. You closely miss the adder.
The adder bites you but does no damage. The black bear bites you!
* * * LOW HITPOINT WARNING * * *
You block the black bear's attack. The black bear barely misses you.
The orc wizard hits you but does no damage.
The adder barely misses you. The black bear bites you!
You die...

##...##...##
#..........#
#..$.......#
#..........#
#..........#
#..).......#
#...<......#
#.ohS......#
##.@o##...##
##### ###


You could see a black bear (berserk), an orc wizard, an adder and an orc.

Vanquished Creatures
  Jessica (D:3)
  3 worms
  2 dart slugs
  An orc (D:4)
  8 bats
  5 endoplasms
  A giant cockroach (D:2)
  A goblin (D:2)
  2 hobgoblins (D:1)
  A quokka (D:1)
  6 ball pythons
  3 frilled lizards
  3 kobolds
  5 rats
42 creatures vanquished.

Vanquished Creatures (others)
  A plant (D:1)
  5 toadstools (D:1)
6 creatures vanquished.

Grand Total: 48 creatures vanquished

Notes
Turn   | Place    | Note
-------+----------+-------------------------------------------
     0 | D:1      | Dorkslayer the Gargoyle Fighter began the quest for the
                  | Orb.
     0 | D:1      | Reached XP level 1. HP: 14/14 MP: 1/1
   207 | D:1      | Reached XP level 2. HP: 19/19 MP: 2/2
   394 | D:1      | Found a faded altar of an unknown god.
   901 | D:2      | Reached skill level 1 in Dodging
   907 | D:2      | Reached XP level 3. HP: 23/23 MP: 3/3
  1386 | D:3      | Found a runed translucent door.
  1386 | D:3      | Noticed ERRORd11's ghost (amateur DrTm)
  1393 | D:3      | Noticed Jessica
  1410 | D:3      | Killed Jessica
  1411 | D:3      | Reached XP level 4. HP: 24/29 MP: 4/4
  1899 | D:4      | Noticed a black bear
  1914 | D:4      | Slain by a black bear

Illustrated notes

Levels and vault maps discovered:
D:1:      ldierk_walled_garden, layout_loops_ring,
          chequers_ecumenical_altar_twisty, st_stairs_13
D:2:      layout_loops_ring, minmay_misc_feat_plants
D:3:      layout_basic, hellmonk_ghost_happy_afterlife, uniq_jessica
D:4:      layout_gridville, minmay_temple_entry_statues_pillars, serial_shops,
          nicolae_shop_hallway_stairs, minmay_fountain_box, uniq_robin,
          uniq_natasha, uniq_ijyb

Skill      XL: |  1  2 |
---------------+-------+-----
Axes           | 2 |  2.3
Dodging        | 1 |  1.7
Fighting       | |  3.7
Armour         | |  3.7
Shields        | |  3.7

Action                     |  1- 3 |  4- 6 || total
---------------------------+-------+-------++-------
  Melee: War axe           |    91 |    40 ||   131
 Armour: Scale mail        |    54 |    67 ||   121
  Dodge: Dodged            |    55 |    31 ||    86
  Block: Buckler           |    13 |    12 ||    25

Table legend: (Time is in decaauts)
 A = Elapsed time spent in this place.
 B = Non-inter-level travel time spent in this place.
 C = Inter-level travel time spent in this place.
 D = Time resting spent in this place.
 E = Time spent auto-exploring this place.
 F = Levels seen in this place.
 G = Mean time per level.
                   A        B        C        D        E       F      G
               +--------+--------+--------+--------+--------+-----+--------+
         Total |   1977 |   1977 |      0 |      0 |    980 |   4 |  494.2 |
       Dungeon |   1977 |   1977 |      0 |      0 |    980 |   4 |  494.2 |
               +--------+--------+--------+--------+--------+-----+--------+

Top non-repeatable levels by time:
     D:1: 747 daAuts
     D:2: 650 daAuts
     D:3: 561 daAuts
     D:4: 19 daAuts
